 Dungeon Crawl Stone Soup version 0.27-a0-899-ge2d0b17c59 (webtiles) character file.

Game seed: 7880402391584167978

68 harryhousin the Magician (level 4, -11/31 HPs)
             Began as a Djinni Ice Elementalist on Apr 5, 2021.
             Killed by divine providence
             ... invoked by an orc priest
              (14 damage)
             ... on level 2 of the Dungeon on Apr 6, 2021.
             The game lasted 00:25:39 (1979 turns).

harryhousin the Magician (Djinni Ice Elementalist)  Turns: 1979, Time: 00:25:40

Health: -11/31     AC:  2    Str:  7    XL:     4   Next: 19%
Gold:   66         EV: 12    Int: 17    God:
                   SH:  0    Dex: 14

rFire    + + .     SeeInvis .   e - +0 dagger
rCold    x . .     Faith    .   (no shield)
rNeg     . . .     Spirit   .   a - +0 robe
rPois    ∞         Reflect  .   (no helmet)
rElec    .         Harm     .   (no cloak)
rCorr    .         Rampage  .   (no gloves)
Will     .....                  (boots unavailable)
Stlth    ++........             (no amulet)
HPRegen  0.10/turn              (no ring)
MPRegen  0.00/turn              (no ring)

@: flying, hasted, very quick
A: fire resistance 2, cold vulnerability 1, float, innate caster, hp casting,
extra vitality 1
a: no special abilities


You were on level 2 of the Dungeon.
You visited 1 branch of the dungeon, and saw 2 of its levels.

You collected 66 gold pieces.

Inventory:

Hand Weapons
 e - a +0 dagger (weapon)
Armour
 a - a +0 robe (worn)
Scrolls
 b - a scroll of torment {unknown}
 c - a scroll of enchant weapon {unknown}
 f - a scroll of identify {unknown}
Potions
 g - a potion of brilliance {unknown}


   Skills:
 + Level 0.9 Fighting
 + Level 2.6 Dodging
 - Level 2.0 Stealth
 * Level 4.4 Spellcasting


You couldn't memorise any spells.
You knew the following spells:

 Your Spells              Type           Power      Damage    Failure   Level
a - Freeze                Ice            76%        1d9       2%          1
b - Frozen Ramparts       Ice            38%        1d5       7%          3
c - Ozocubu's Armour      Ice            19%        N/A       7%          3
d - Hailstorm             Conj/Ice       19%        3d6       24%         4
e - Summon Ice Beast      Ice/Summ       19%        N/A       24%         4
f - Summon Small Mammal   Summ           76%        N/A       2%          1
Your spell library was empty.

Dungeon Overview and Level Annotations

Branches:
Dungeon (2/15)

Altars:

Shops:
D:1 ::=


Innate Abilities, Weirdness & Mutations

You are immune to poison.
Your flesh is very heat resistant. (rF++)
You are vulnerable to cold. (rC-)
You float through the air rather than walking.
You learn spells naturally, not from books.
Your magical power is your life essence.
You have superior vitality. (+4 HP)


Message History

Casting: Freeze (safe; 2% risk of failure)
Confirm with . or Enter, or press ? or * to list all spells.
Aiming: Freeze (safe; 2% risk of failure)
Press: ? - help, Shift-Dir - straight line, f - orc priest
Aim: an orc priest, wielding a +0 hand axe and wearing a +0 ring mail You freeze the orc priest.
The orc priest is lightly wounded.
The orc priest hits you with a +0 hand axe.
Casting: Freeze (safe; 2% risk of failure)
Confirm with . or Enter, or press ? or * to list all spells.
Aiming: Freeze (safe; 2% risk of failure)
Press: ? - help, Shift-Dir - straight line, f/p - orc priest
Aim: an orc priest, wielding a +0 hand axe and wearing a +0 ring mail (lightly wounded)
You freeze the orc priest.
The orc priest is moderately wounded.
The orc priest barely misses you.
Casting: Freeze (safe; 2% risk of failure)
Confirm with . or Enter, or press ? or * to list all spells.
Aiming: Freeze (safe; 2% risk of failure)
Press: ? - help, Shift-Dir - straight line, f/p - orc priest
Aim: an orc priest, wielding a +0 hand axe and wearing a +0 ring mail (moderately wounded)
You freeze the orc priest.
The orc priest is heavily wounded.
Casting: Freeze (safe; 2% risk of failure)
Confirm with . or Enter, or press ? or * to list all spells.
The spell is quite dangerous to cast (7% risk of failure)!
Continue anyway?
Okay, then.
The orc priest hits you with a +0 hand axe.
A worm comes into view.
The orc priest mumbles some strange prayers to Beogh against you.
Pain shoots through your body!
* * * LOW HITPOINT WARNING * * *
Casting: Frozen Ramparts (quite dangerous; 7% risk of failure)
Confirm with . or Enter, or press ? or * to list all spells.
You don't have enough health to cast this spell.
Unknown command.
It was a potion of haste.
You feel yourself speed up.
The orc priest invokes the aid of Beogh against you.
Beogh smites you!
You die...

#. ######## #.
##......#####
####.##...........##
..........#######..#
####..##.###$⌠o###.#
###..##.##.....##.#
#....##.#.......#.# . #.
#@##.#.8...8.#.#
....#.##{##.#.......#.###
#...S...o...#o......#.##.
...#..##o#..#o......#.#..
.... ##.#..#.8...8.#....
#.## #.....#.......#....
# #..#..)............
##..#.###....###..).
....... .#### #....


You could see an orc priest and an orc.

Vanquished Creatures
  Jessica (D:2)
  An orc (D:2)
  2 ball pythons
  4 bats (D:1)
  2 endoplasms
  A giant cockroach (D:1)
  6 goblins
  A hobgoblin (D:1)
  7 jackals (D:1)
  A quokka (D:2)
  3 frilled lizards (D:1)
  4 kobolds (D:1)
  2 rats (D:1)
35 creatures vanquished.

Vanquished Creatures (collateral kills)
  A rat (D:2)
1 creature vanquished.

Grand Total: 36 creatures vanquished

Notes
Turn   | Place    | Note
-------+----------+-------------------------------------------
     0 | D:1      | harryhousin the Djinni Ice Elementalist began the quest for
                  | the Orb.
     0 | D:1      | Reached XP level 1. HP: 15/15 MP: 0/0
    63 | D:1      | Reached XP level 2. HP: 4/21 MP: 0/0
   326 | D:1      | Reached skill level 4 in Spellcasting
   723 | D:1      | Found a faded altar of an unknown god.
   733 | D:1      | Found Tuoplomp's Jewellery Emporium.
   859 | D:1      | Found Ohobroakuc's Book Shoppe.
  1074 | D:1      | Found Pukehamp's Book Shop.
  1130 | D:1      | Reached XP level 3. HP: 23/25 MP: 0/0
  1130 | D:1      | Learned a level 1 spell: Summon Small Mammal
  1163 | D:1      | Found Qicwom's Armour Emporium.
  1565 | D:2      | Noticed Jessica
  1798 | D:2      | Killed Jessica
  1799 | D:2      | Reached XP level 4. HP: 26/31 MP: 0/0
  1979 | D:2      | Killed from afar by an orc priest

Illustrated notes

Levels and vault maps discovered:
D:1:      lightli_arrival_lavapool, layout_basic, serial_shops,
          nicolae_shop_trees, nicolae_shop_window_shopping, shop, shop,
          chequers_ecumenical_altar_simple_redux
D:2:      cheibrodos_pilgrimage, layout_loops_cross, uniq_jessica

Skill      XL: |  1  2  3 |
---------------+----------+-----
Spellcasting   | 4 |  4.4
Stealth        | 2 |  2.0
Fighting       | |  0.9
Dodging        | |  2.6

Action                   |  1- 3 |  4- 6 || total
-------------------------+-------+-------++-------
Melee: Unarmed           |     3 |       ||     3
 Cast: Freeze            |    44 |    10 ||    54
       Summon Small Mamm |     7 |       ||     7
  Use: Potion            |       |     1 ||     1
Armor: Robe              |     9 |       ||     9
Dodge: Dodged            |    33 |     4 ||    37

Table legend: (Time is in decaauts)
 A = Elapsed time spent in this place.
 B = Non-inter-level travel time spent in this place.
 C = Inter-level travel time spent in this place.
 D = Time resting spent in this place.
 E = Time spent auto-exploring this place.
 F = Levels seen in this place.
 G = Mean time per level.
                   A        B        C        D        E       F      G
               +--------+--------+--------+--------+--------+-----+--------+
         Total |   1978 |   1955 |     23 |    835 |    461 |   2 |  989.0 |
       Dungeon |   1978 |   1955 |     23 |    835 |    461 |   2 |  989.0 |
               +--------+--------+--------+--------+--------+-----+--------+

Top non-repeatable levels by time:
     D:1: 1563 daAuts
     D:2: 415 daAuts
